 Dungeon Crawl Stone Soup version 0.23.2-40-g277498a001 (webtiles) character file.

Game seed: 15547595426108300264

22 Iskender the Scratcher (level 2, -1/14 HPs)
             Began as a Felid Chaos Knight on Oct 13, 2019.
             Was a Plaything of Xom.
             Killed from afar by a dart slug (7 damage)
             ... with a slug dart
             ... on level 2 of the Dungeon.
             The game lasted 00:04:21 (1222 turns).

Iskender the Scratcher (Felid Chaos Knight)         Turns: 1222, Time: 00:04:22

Health: -1/14      AC:  1    Str:  8    XL:     2   Next: 68%
Magic:  3/3        EV: 18    Int: 13    God:    Xom [*.....]
Gold:   19         SH:  0    Dex: 15    Spells: 1/1 levels left
                                        Lives:  0   Deaths: 0

rFire    . . .     SeeInvis +     - Unarmed
rCold    . . .     Gourm    .   (shield unavailable)
rNeg     . . .     Faith    .   (armour unavailable)
rPois    .         Spirit   .   (helmet unavailable)
rElec    .         Reflect  .   (cloak unavailable)
rCorr    .         Harm     .   (gloves unavailable)
MR       .....                  (boots unavailable)
Stlth    +++.......             (no amulet)
HPRegen  0.04/turn              (no ring)
MPRegen  0.08/turn              (no ring)

@: quick
A: very small, no armour, no weapons or thrown items, stealth, claws 1, fangs 3,
see invisible, carnivore, speed 1, shaggy fur 1, slow metabolism 1, sharp paws
a: Renounce Religion


You were on level 2 of the Dungeon.
You worshipped Xom.
You were a special plaything of Xom.
You were completely stuffed.

You visited 1 branch of the dungeon, and saw 2 of its levels.

You collected 19 gold pieces.

Inventory:

Jewellery
 e - an uncursed amulet of regeneration {unknown}
Scrolls
 b - a scroll of teleportation {unknown}
 c - a scroll of magic mapping {unknown}
 f - a scroll of enchant armour {unknown}
 g - a scroll of amnesia {unknown}
 i - a scroll of identify {unknown}
Potions
 d - a potion of brilliance {unknown}
 h - a potion of curing {unknown}
Comestibles
 a - 4 rations
 j - a chunk of flesh


   Skills:
 - Level 3.0 Fighting
 - Level 3.2 Dodging
 - Level 3.0 Stealth
 + Level 3.3 Unarmed Combat


You had one spell level left.
You didn't know any spells.
Your spell library was empty.

Dungeon Overview and Level Annotations

Branches:
Dungeon (2/15)

Altars:

Annotations:
D:2 exclusion: hobgoblin, Natasha


Innate Abilities, Weirdness & Mutations

You cannot wear armour.
You are incapable of wielding weapons or throwing items.
Your paws allow you to move quietly. (Stealth)
You have sharp claws.
You have razor-sharp teeth.
You have supernaturally acute eyesight. (SInv)
You are carnivorous and can eat meat at any time.
You cover ground quickly.
You are covered in fur. (AC +1)
You have a slow metabolism.
Your sharp claws are effective at attacking unaware monsters.


Message History

The slug dart hits you.
You scratch the dart slug.
You bite the dart slug, but do no damage.
The dart slug is moderately wounded.
The dart slug bites you but does no damage.
You scratch the dart slug.
The dart slug is heavily wounded.
You scratch the dart slug.
The dart slug is heavily wounded.
The dart slug launches a dart at you. The slug dart hits you!
Ouch! That really hurt!
You scratch the dart slug. You claw the dart slug.
The dart slug is almost dead.
You completely miss the dart slug.
The dart slug is almost dead.
The dart slug launches a dart at you. The slug dart hits you!
Ouch! That really hurt!
You die...

#.# .# #.#
#.#####...## #.#
#..........h..#####.#
#######...###.......#
## #######.# #.# ♣
♣♣♣###.#
♣.♣....#.###.##
♣w@.☼.°.......#
♣♣.°.°..###.#.#
♣♣....## ♣♣####


You could see a dart slug.

Vanquished Creatures
  4 bats
  2 goblins
  A hobgoblin (D:1)
  3 jackals (D:1)
  A frilled lizard (D:1)
  5 kobolds
  3 rats
19 creatures vanquished.

Notes
Turn   | Place    | Note
-------+----------+-------------------------------------------
     0 | D:1      | Iskender the Felid Chaos Knight began the quest for the
                  | Orb.
     0 | D:1      | Reached XP level 1. HP: 10/10 MP: 2/2
    21 | D:1      | XOM: divination: detect items
    33 | D:1      | XOM: butterfly on damage
   220 | D:1      | Reached skill level 1 in Stealth
   222 | D:1      | XOM: butterfly on damage
   311 | D:1      | XOM: silly message
   514 | D:1      | Reached XP level 2. HP: 14/14 MP: 3/3
   694 | D:1      | XOM: divination: detect creatures
  1122 | D:2      | Noticed Natasha
  1164 | D:2      | XOM: cloud trail
  1222 | D:2      | Killed from afar by a dart slug

Skill      XL: |  1  2 |
---------------+-------+-----
Stealth        | 2 3 |  3.0
Fighting       | |  3.0
Dodging        | |  3.2
Unarmed Combat | |  3.3

Action                   || total
-------------------------++-------
Melee: Unarmed           ||    59
       Bite              ||     6
       Punch             ||     1
  Use: Scroll            ||     1
 Stab: Sleeping          ||     3
  Eat: Chunk             ||     8
Armor: Skin              ||     4
Dodge: Dodged            ||    46
